 Dungeon Sprint DCSS version 0.17.1-2-g5865329 (webtiles) character file.

27009 namelastname112 the Shatterer (level 13, -6/134 HPs)
             Began as a Purple Draconian Berserker on Jan 27, 2016.
             Was the Champion of Trog.
             Killed by angry trees
             ... awakened by a spriggan druid
              (17 damage)
             ... in the Dungeon (Sprint IX: "|||||||||||||||||||||||||||||").
             The game lasted 00:12:22 (3893 turns).

namelastname112 the Shatterer (DrBe)                Turns: 3893, Time: 00:12:22

Health: -6/134     AC: 16    Str: 19    XL:     13   Next: 2%
Magic:  13/13      EV: 22    Int: 14    God:    Trog [******]
Gold:   1103       SH:  0    Dex: 14    Spells: 0 memorised, 12 levels left

rFire  . . .     SeeInvis .     E - +3 demon whip (vamp)
rCold  . . .     Clarity  .     (armour unavailable)
rNeg   . . .     SustAt   .     (no shield)
rPois  .         Gourm    .     (helmet restricted)
rElec  +         Spirit   .     t - +2 cloak
rCorr  .         Warding  .     n - +1 pair of gloves
rMut   .         NoTele   +     m - +2 pair of boots
MR     +....                    (no amulet)
Stlth  +.........               p - +3 ring of intelligence
                                o - +3 ring of intelligence

@: lethally poisoned (-6 -> -87), exhausted, slowed, very slow, somewhat
resistant to hostile enchantments, very unstealthy
A: breathe power, unfitting armour, electricity resistance, weak 1, evolution 1,
cold-blooded, AC +8
a: Breathe Dispelling Energy, Berserk, Trog's Hand, Brothers in Arms, Burn
Spellbooks, Renounce Religion


You were in the Dungeon.
You worshipped Trog.
Trog was exalted by your worship.
You were full.

You visited 1 branch You collected 1621 gold pieces.
You spent 518 gold pieces at shops.

Inventory:

Hand Weapons
 a - a +0 mace
 l - a +2 morningstar of protection
 v - a +1 great mace of protection
 w - a +1 dire flail of protection
 x - the +3 great mace of Anarchy {flame, rF+ Dex+3}
   (Trog gifted it to you in the Dungeon)

   It has been specially enchanted to burn those struck by it, causing extra
   injury to most foes and up to half again as much damage against particularly
   susceptible opponents.
   It affects your dexterity (+3).
   It protects you from fire.
 E - a +3 vampiric demon whip (weapon)
 G - the +11 great mace "Kentemus" {flame, *Noise Dex+7 SInv, unknown}
   (Trog gifted it to you in the Dungeon)

   It has been specially enchanted to burn those struck by it, causing extra
   injury to most foes and up to half again as much damage against particularly
   susceptible opponents.
   It affects your dexterity (+7).
   It lets you see invisible.
   It may make noises in combat.
Armour
 m - a +2 pair of boots (worn)
 n - a +1 pair of gloves (worn)
 t - a +2 cloak (worn)
Jewellery
 o - a +3 ring of intelligence (left hand)
 p - a +3 ring of intelligence (right hand)
 y - an uncursed ring of protection from magic
 C - an uncursed ring of protection from magic
 D - an uncursed ring of protection from cold
Wands
 k - a wand of draining (2)
Scrolls
 h - 4 scrolls of blinking
 j - 4 scrolls of remove curse
 s - 3 scrolls of fog
Potions
 c - 4 potions of curing
 d - 4 potions of heal wounds
 e - 4 potions of haste
 f - 6 potions of magic
 g - a potion of berserk rage
 i - a potion of invisibility
 q - 2 potions of brilliance
 r - 3 potions of cure mutation
 B - 2 potions of agility
 F - a potion of might
Comestibles
 b - 13 bread rations
 z - 40 fruits
 A - 7 meat rations


   Skills:
 + Level 18.2 Fighting
 * Level 22.4 Maces & Flails
 + Level 15.7 Dodging


You had 12 spell levels left.
You didn't know any spells.

Dungeon Overview and Level Annotations

Branches:
Dungeon (1/1)

Altars:
Cheibriados
Dithmenos
Elyvilon
Fedhas
Gozag
Kikubaaqudgha
Makhleb
Nemelex Xobeh
Okawaru
Qazlal
Ru
Sif Muna
Trog
Vehumet
Xom
Yredelemnul
Zin
The Shining One
Beogh
Jiyva
Lugonu

Shops:
D (!:%


Innate Abilities, Weirdness & Mutations

You can breathe bolts of dispelling energy.
Your rich purple scales are hard (AC +8).
Your body does not fit into most forms of armour.
You are cold-blooded and may be slowed by cold attacks.
You are resistant to electric shocks.
You are weak. (Str -2)
You evolve.


Message History

A root smacks your deep troll from below.
Your stone giant hits the spriggan rider!!
The spriggan druid hits the spriggan rider with a quarterstaff!
The wasp dies!
The spriggan jumps down from its now dead mount.
The swamp dragon misses you.
The swamp dragon claws you but does no damage.
The swamp dragon barely misses you.
Your stone giant hits the spriggan!!!
The spriggan dies!
Trog accepts your kill.
The spriggan druid looks very confused.
Unknown command.
Unknown command.
You swap places.
* * * LOW HITPOINT WARNING * * *
You feel extremely sick.
Your stone giant is hit by a branch!
A root smacks your deep troll from below.
A root smacks you from below.
You die...

)▓.▓.▓.▓)▓.▓)▓.♣.♣
|▓.▓÷▓.▓)▓.▓'▓.♣k♣
?▓.▓'▓.▓)▓.▓.▓.♣f♣
.▓.▓÷▓.▓'▓.▓)▓.♣i♣
'▓.▓.▓.▓.▓.▓.▓.♣)♣
_▓.▓.▓.▓.▓.▓.▓.♣C♣
_▓.▓.▓.▓.▓.▓.▓.♣D♣
_▓.▓.▓.▓.▓.▓.▓.♣T♣
_▓.▓.▓(▓.▓.▓.▓.♣@♣
_▓.▓÷▓(▓.▓.▓.▓.▓.▓
_▓.▓÷▓.▓.▓.▓.▓.▓.▓
_▓.▓÷▓.▓)▓.▓.▓.▓.▓
_▓.▓†▓(▓)▓.▓[▓.▓.▓
_▓.▓.▓)▓)▓.▓[▓.▓.▓
_▓.▓.▓.▓)▓.▓.▓.▓.▓
_▓.▓.▓)▓)▓.▓[▓.▓)▓
_▓.▓.▓.▓'▓.▓[▓.▓.▓


You could see a thorn hunter, a swamp dragon, a spriggan druid (confused), a
swamp drake, a friendly stone giant (berserk) and a friendly deep troll
(berserk).

Vanquished Creatures
  A stone giant (D)
  A dire elephant (D)
  4 hydras (D)
  An anaconda (D)
  A centaur warrior (D)
  A naga sharpshooter (D)
  A shock serpent (D)
  6 orc knights (D)
  An unseen horror (D)
  A necromancer (D)
  An ugly thing (D)
  An orc sorcerer (D)
  A manticore (D)
  A salamander (D)
  2 wolf spiders (D)
  5 elephants (D)
  3 black mambas (D)
  Joseph (D)
  Psyche (D)
  A gargoyle (D)
  A spiny frog (D)
  2 demonic crawlers (D)
  A two-headed ogre (D)
  2 trapdoor spiders (D)
  A deep elf mage (D)
  A yak (D)
  A tarantella (D)
  Grum (D)
  A vampire mosquito (D)
  4 wolves (D)
  3 nagas (D)
  4 water moccasins (D)
  A swamp drake (D)
  A porcupine (D)
  4 orc warriors (D)
  2 spiders (D)
  A wasp (D)
  An eye of draining (D)
  4 crocodiles (D)
  A centaur (D)
  3 giant frogs (D)
  A brain worm (D)
  A crimson imp (D)
  An iguana (D)
  3 orc wizards (D)
  A worker ant (D)
  A gnoll (D)
  An adder (D)
  A giant gecko (D)
  3 orcs (D)
  A bat skeleton (D)
  A giant cockroach (D)
  A hobgoblin (D)
  A giant newt (D)
  A jackal (D)
  2 rats (D)
95 creatures vanquished.

Vanquished Creatures (collateral kills)
  A tengu reaver (D)
  A stone giant (D)
  A dire elephant (D)
  An ettin (D)
  An entropy weaver (D)
  A hydra (D)
  A deep troll shaman (D)
  Sonja (D)
  3 orc knights (D)
  A cyclops (D)
  An elephant (D)
  A yaktaur (D)
  A spriggan (D)
  A deep elf mage (D)
  13 orc warriors (D)
  2 orc wizards (D)
  An orc priest (D)
  2 orcs (D)
34 creatures vanquished.

Vanquished Creatures (others)
  A wasp (D)
  2 orc wizards (D)
3 creatures vanquished.

Grand Total: 132 creatures vanquished

Notes
Turn   | Place    | Note
--------------------------------------------------------------
     0 | D        | namelastname112 the Draconian Berserker began the quest for the Orb.
     0 | D        | Reached XP level 1. HP: 19/19 MP: 1/1
    10 | D        | Reached ** piety under Trog
    18 | D        | Noticed a worker ant
    18 | D        | Noticed a crimson imp
    22 | D        | Reached *** piety under Trog
    22 | D        | Reached skill level 4 in Maces & Flails
    31 | D        | Killed a crimson imp
    31 | D        | Reached skill level 5 in Maces & Flails
    31 | D        | Reached XP level 2. HP: 22/28 MP: 2/2
    31 | D        | Reached XP level 3. HP: 27/35 MP: 3/3
    35 | D        | Reached skill level 5 in Fighting
    37 | D        | Killed a worker ant
    37 | D        | Reached **** piety under Trog
    37 | D        | Reached skill level 6 in Maces & Flails
    37 | D        | Reached XP level 4. HP: 28/42 MP: 4/4
   156 | D        | Found a glowing silver altar of Zin.
   156 | D        | Found a glowing golden altar of the Shining One.
   156 | D        | Found an ancient bone altar of Kikubaaqudgha.
   156 | D        | Found a basalt altar of Yredelemnul.
   156 | D        | Found a shimmering altar of Xom.
   156 | D        | Found a radiant altar of Vehumet.
   157 | D        | Found an iron altar of Okawaru.
   158 | D        | Found a burning altar of Makhleb.
   159 | D        | Found a deep blue altar of Sif Muna.
   160 | D        | Found a bloodstained altar of Trog.
   161 | D        | Found a sparkling altar of Nemelex Xobeh.
   162 | D        | Found a white marble altar of Elyvilon.
   163 | D        | Found a roughly hewn altar of Beogh.
   164 | D        | Found a viscous altar of Jiyva.
   242 | D        | Found a corrupted altar of Lugonu.
   243 | D        | Found a blossoming altar of Fedhas.
   244 | D        | Found a snail-covered altar of Cheibriados.
   245 | D        | Found a shadowy altar of Dithmenos.
   246 | D        | Found a stormy altar of Qazlal.
   247 | D        | Found an opulent altar of Gozag.
   248 | D        | Found a sacrificial altar of Ru.
   282 | D        | Noticed an eye of draining
   282 | D        | Noticed a deep elf mage
   282 | D        | Noticed a gargoyle
   289 | D        | Killed a gargoyle
   289 | D        | Reached skill level 8 in Fighting
   289 | D        | Reached skill level 10 in Maces & Flails
   289 | D        | Reached XP level 5. HP: 25/53 MP: 0/5
   289 | D        | Reached XP level 6. HP: 28/61 MP: 0/6
   292 | D        | Killed a deep elf mage
   292 | D        | Reached skill level 11 in Maces & Flails
   292 | D        | Your scales start taking on a rich purple colour.
   292 | D        | Reached XP level 7. HP: 32/69 MP: 0/7
   296 | D        | Killed an eye of draining
   296 | D        | Reached ***** piety under Trog
   303 | D        | HP: 3/70 [something (3)]
   320 | D        | Killed an unseen horror
   320 | D        | Received a gift from Trog
   320 | D        | Reached skill level 10 in Fighting
   320 | D        | Reached skill level 12 in Maces & Flails
   320 | D        | Reached XP level 8. HP: 16/79 MP: 3/8
   589 | D        | Noticed a manticore
   589 | D        | Noticed an orc wizard
   589 | D        | Noticed a wasp
   589 | D        | Noticed a deep elf mage
   589 | D        | Noticed a centaur
   589 | D        | Noticed a seven-headed hydra
   595 | D        | Killed a seven-headed hydra
   595 | D        | Reached skill level 13 in Maces & Flails
   598 | D        | Killed a centaur
   606 | D        | Killed a deep elf mage
   606 | D        | Reached skill level 14 in Maces & Flails
   615 | D        | Killed a wasp
   615 | D        | Reached XP level 9. HP: 37/89 MP: 9/9
   615 | D        | Killed an orc wizard
   620 | D        | Killed a manticore
   620 | D        | Reached skill level 10 in Dodging
  1043 | D        | Noticed a water moccasin
  1043 | D        | Noticed an iguana
  1043 | D        | Noticed a water moccasin
  1043 | D        | Noticed an eight-headed hydra
  1043 | D        | Noticed a giant frog
  1043 | D        | Noticed a crocodile
  1045 | D        | Killed a crocodile
  1046 | D        | Noticed a yak
  1055 | D        | Killed an eight-headed hydra
  1055 | D        | Reached skill level 15 in Maces & Flails
  1065 | D        | Killed a giant frog
  1074 | D        | Killed a water moccasin
  1075 | D        | Killed an iguana
  1084 | D        | Killed a water moccasin
  1089 | D        | Killed a yak
  1112 | D        | Noticed a water moccasin
  1121 | D        | Killed a water moccasin
  1127 | D        | Noticed a crocodile
  1137 | D        | Killed a crocodile
  1267 | D        | Noticed an eight-headed hydra
  1267 | D        | Noticed a giant frog
  1267 | D        | Noticed a crocodile
  1267 | D        | Noticed a black mamba
  1267 | D        | Noticed a water moccasin
  1267 | D        | Noticed a crocodile
  1270 | D        | Killed a crocodile
  1275 | D        | Noticed a porcupine
  1277 | D        | Killed a black mamba
  1277 | D        | Reached XP level 10. HP: 100/100 MP: 10/10
  1278 | D        | Noticed a spiny frog
  1279 | D        | Noticed a giant frog
  1282 | D        | Killed an eight-headed hydra
  1282 | D        | Reached skill level 16 in Maces & Flails
  1284 | D        | Killed a water moccasin
  1286 | D        | Killed a crocodile
  1286 | D        | Reached ****** piety under Trog
  1288 | D        | Killed a giant frog
  1292 | D        | Killed a porcupine
  1292 | D        | Received a gift from Trog
  1299 | D        | Killed a spiny frog
  1300 | D        | Killed a giant frog
  1432 | D        | Noticed a dire elephant
  1432 | D        | Noticed an elephant
  1432 | D        | Noticed an elephant
  1432 | D        | Noticed an elephant
  1432 | D        | Noticed an elephant
  1432 | D        | Noticed an elephant
  1439 | D        | Killed an elephant
  1444 | D        | Killed an elephant
  1444 | D        | Reached skill level 17 in Maces & Flails
  1447 | D        | Killed an elephant
  1453 | D        | Killed an elephant
  1453 | D        | Received a gift from Trog
  1465 | D        | Killed a dire elephant
  1473 | D        | Killed an elephant
  1473 | D        | Reached skill level 18 in Maces & Flails
  1473 | D        | Reached XP level 11. HP: 90/111 MP: 11/11
  1480 | D        | Noticed a dire elephant
  1488 | D        | Killed a dire elephant
  1493 | D        | Noticed an elephant
  1501 | D        | Killed an elephant
  1698 | D        | Gained mutation: You evolve. [potion of mutation]
  1698 | D        | Gained mutation: You are weak. (Str -2) [potion of mutation]
  1698 | D        | Gained mutation: You are resistant to electric shocks. [potion of mutation]
  1763 | D        | Noticed Sonja
  1764 | D        | Noticed Joseph
  1772 | D        | Killed Joseph
  1784 | D        | Killed Sonja
  1930 | D        | Noticed a stone giant
  1930 | D        | Noticed an orc wizard
  1930 | D        | Noticed an orc wizard
  1930 | D        | Noticed an orc wizard
  1930 | D        | Noticed an orc knight
  1937 | D        | Noticed an orc wizard
  1940 | D        | Killed an orc knight
  1940 | D        | Reached skill level 15 in Fighting
  1941 | D        | Killed an orc wizard
  1943 | D        | Noticed an orc warrior
  1943 | D        | Killed an orc wizard
  1948 | D        | Noticed an orc wizard
  1951 | D        | Killed a stone giant
  1951 | D        | Received a gift from Trog
  1952 | D        | Killed an orc wizard
  1955 | D        | Killed an orc wizard
  1957 | D        | Noticed an orc wizard
  1961 | D        | Gained mutation: Your flesh is heat resistant. [evolution]
  1968 | D        | Killed an orc warrior
  1968 | D        | Reached skill level 19 in Maces & Flails
  1970 | D        | Killed an orc wizard
  1972 | D        | Killed an orc wizard
  1972 | D        | Received a gift from Trog
  2245 | D        | Noticed an orc warrior
  2245 | D        | Noticed an orc sorcerer
  2245 | D        | Noticed an orc knight
  2245 | D        | Noticed an orc warrior
  2245 | D        | Noticed an orc warrior
  2245 | D        | Noticed an orc knight
  2246 | D        | Noticed an orc priest
  2255 | D        | Killed an orc knight
  2257 | D        | Killed an orc warrior
  2258 | D        | Noticed an orc warrior
  2267 | D        | Noticed an orc warrior
  2268 | D        | Killed an orc knight
  2271 | D        | Killed an orc sorcerer
  2271 | D        | Received a gift from Trog
  2272 | D        | Noticed an orc warrior
  2275 | D        | Noticed an orc warrior
  2276 | D        | Killed an orc warrior
  2276 | D        | Killed an orc warrior
  2279 | D        | Killed an orc warrior
  2279 | D        | Killed an orc warrior
  2281 | D        | Killed an orc warrior
  2282 | D        | Noticed an orc warrior
  2284 | D        | Killed an orc warrior
  2284 | D        | Killed an orc warrior
  2287 | D        | Killed an orc priest
  2287 | D        | Received a gift from Trog
  2291 | D        | Got a crude great mace {god gift}
  2292 | D        | Identified the +3 great mace of Anarchy {flame, rF+ Dex+3} (Trog gifted it to you in the Dungeon)
  2396 | D        | Found Uffube's Food Boutique.
  2396 | D        | Noticed an orc knight
  2396 | D        | Noticed an orc knight
  2396 | D        | Noticed an orc warrior
  2396 | D        | Noticed an orc knight
  2396 | D        | Noticed an orc warrior
  2397 | D        | Noticed an orc warrior
  2399 | D        | Noticed an orc warrior
  2404 | D        | Killed an orc knight
  2405 | D        | Found Xeduq's Book Shop.
  2405 | D        | Noticed an orc warrior
  2408 | D        | Killed an orc warrior
  2416 | D        | Killed an orc knight
  2420 | D        | Killed an orc knight
  2421 | D        | Found Wisulev's Distillery.
  2435 | D        | Killed an orc warrior
  2437 | D        | Killed an orc warrior
  2439 | D        | Killed an orc warrior
  2440 | D        | Killed an orc warrior
  2447 | D        | Found Ycaotiar's Antique Weapon Shop.
  2449 | D        | Noticed an orc knight
  2450 | D        | Noticed an orc knight
  2451 | D        | Noticed an orc warrior
  2452 | D        | Noticed an orc warrior
  2452 | D        | Killed an orc knight
  2453 | D        | Noticed an orc knight
  2454 | D        | Killed an orc knight
  2454 | D        | Reached skill level 20 in Maces & Flails
  2457 | D        | Killed an orc warrior
  2457 | D        | Received a gift from Trog
  2459 | D        | Killed an orc warrior
  2464 | D        | Killed an orc knight
  2600 | D        | Bought a potion of heal wounds for 70 gold pieces
  2600 | D        | Bought a potion of curing for 42 gold pieces
  2600 | D        | Bought a potion of haste for 140 gold pieces
  2600 | D        | Bought a potion of heal wounds for 70 gold pieces
  2600 | D        | Bought a potion of heal wounds for 70 gold pieces
  2600 | D        | Bought a potion of heal wounds for 70 gold pieces
  2600 | D        | Bought a potion of agility for 56 gold pieces
  2741 | D        | Noticed Psyche
  2748 | D        | Killed Psyche
  2825 | D        | Noticed a wolf
  2826 | D        | Noticed a wolf
  2827 | D        | Noticed Grum
  2829 | D        | Noticed a wolf
  2829 | D        | Killed a wolf
  2831 | D        | Killed a wolf
  2831 | D        | Reached XP level 12. HP: 120/124 MP: 12/12
  2832 | D        | Noticed a wolf
  2836 | D        | Killed Grum
  2839 | D        | Killed a wolf
  2839 | D        | Received a gift from Trog
  2845 | D        | Killed a wolf
  2961 | D        | Noticed a centaur warrior
  2961 | D        | Noticed a two-headed ogre
  2961 | D        | Noticed a brain worm
  2961 | D        | Noticed an orc warrior
  2961 | D        | Noticed a vampire mosquito
  2968 | D        | Killed a vampire mosquito
  2969 | D        | Noticed a green ugly thing
  2971 | D        | Noticed a cyclops
  2972 | D        | Noticed a tengu reaver
  2976 | D        | Killed an orc warrior
  2978 | D        | Killed a brain worm
  2979 | D        | Noticed an ettin
  2982 | D        | Killed a two-headed ogre
  2984 | D        | Noticed a stone giant
  2988 | D        | Noticed a yaktaur
  2991 | D        | Killed a centaur warrior
  2993 | D        | Noticed an entropy weaver
  3005 | D        | Killed a green ugly thing
  3005 | D        | Received a gift from Trog
  3006 | D        | Noticed a deep troll shaman
  3031 | D        | Killed a tengu reaver
  3033 | D        | Killed an ettin
  3036 | D        | Killed a stone giant
  3036 | D        | Reached skill level 21 in Maces & Flails
  3037 | D        | Killed a cyclops
  3040 | D        | Killed a yaktaur
  3040 | D        | Received a gift from Trog
  3042 | D        | Killed an entropy weaver
  3043 | D        | Killed a deep troll shaman
  3386 | D        | Noticed a necromancer
  3398 | D        | Killed a necromancer
  3504 | D        | Noticed a black mamba
  3504 | D        | Noticed an anaconda
  3504 | D        | Noticed a black mamba
  3504 | D        | Noticed a salamander
  3504 | D        | Noticed a naga sharpshooter
  3504 | D        | Noticed a naga
  3505 | D        | Noticed a shock serpent
  3508 | D        | Killed a naga
  3508 | D        | Received a gift from Trog
  3509 | D        | Noticed a naga
  3514 | D        | Killed a naga sharpshooter
  3514 | D        | Reached skill level 15 in Dodging
  3515 | D        | Noticed a naga
  3521 | D        | Killed a salamander
  3527 | D        | Killed an anaconda
  3533 | D        | Killed a shock serpent
  3537 | D        | Killed a black mamba
  3537 | D        | Received a gift from Trog
  3544 | D        | Killed a black mamba
  3548 | D        | Killed a naga
  3553 | D        | Killed a naga
  3571 | D        | Noticed a wolf spider
  3571 | D        | Noticed a spider
  3571 | D        | Noticed a demonic crawler
  3571 | D        | Noticed a wolf spider
  3578 | D        | Noticed a spider
  3579 | D        | Killed a wolf spider
  3592 | D        | Killed a demonic crawler
  3596 | D        | Killed a spider
  3596 | D        | Received a gift from Trog
  3597 | D        | Noticed a trapdoor spider
  3605 | D        | Killed a wolf spider
  3605 | D        | Reached skill level 22 in Maces & Flails
  3607 | D        | Killed a spider
  3608 | D        | Noticed a demonic crawler
  3611 | D        | Noticed a trapdoor spider
  3612 | D        | Killed a trapdoor spider
  3614 | D        | Noticed a tarantella
  3619 | D        | Killed a demonic crawler
  3627 | D        | Killed a trapdoor spider
  3636 | D        | Killed a tarantella
  3636 | D        | Received a gift from Trog
  3643 | D        | Got a crystal great mace {god gift}
  3717 | D        | Lost mutation: Your flesh is heat resistant. [evolution]
  3868 | D        | Noticed a spriggan druid
  3868 | D        | Noticed a spriggan rider
  3868 | D        | Noticed a swamp dragon
  3868 | D        | Noticed a six-headed hydra
  3868 | D        | Noticed a swamp drake
  3868 | D        | Noticed a five-headed hydra
  3873 | D        | Killed a five-headed hydra
  3874 | D        | Noticed a swamp drake
  3879 | D        | Noticed a shadow
  3879 | D        | Killed a six-headed hydra
  3879 | D        | Reached XP level 13. HP: 134/134 MP: 13/13
  3880 | D        | Noticed a thorn hunter
  3884 | D        | Killed a swamp drake
  3892 | D        | Killed a wasp
  3892 | D        | Killed a spriggan
  3893 | D        | Killed from afar by a spriggan druid

Action                   |  1- 3 |  4- 6 |  7- 9 | 10-12 | 13-15 || total
-------------------------+-------+-------+-------+-------+-------++-------
Melee: Mace              |    24 |       |       |       |       ||    24
       Morningstar       |       |     6 |    72 |    20 |       ||    98
       Dire flail        |       |       |       |    36 |       ||    36
       Great mace        |       |       |       |   117 |       ||   117
       Demon whip        |       |       |       |   167 |     8 ||   175
Invok: Berserk           |     1 |     1 |     2 |     6 |       ||    10
       Brothers in Arms  |       |       |     3 |     9 |     2 ||    14
 Abil: Breathe Dispellin |       |       |     2 |     2 |       ||     4
Evoke: Wand              |       |       |     5 |       |       ||     5
  Use: Potion            |       |       |     5 |     5 |       ||    10
       Scroll            |       |       |       |     6 |       ||     6
  Eat: Chunk             |       |       |     5 |     3 |       ||     8
       Meat ration       |       |       |       |     5 |       ||     5
